Map: 零纪元-天梯版

Players

Dark

  • Race: Zerg Zerg
  • League: Gold

Serral - Winner!

  • Race: Zerg Zerg

Event: WESG 2018 Grand Finals

VOD

Have the link to the VOD?

Description

Time

  • Played on: March 14, 2019, 4:38 a.m.
  • Length: 14:15

All games in this series

Show
View Real Time Build Order
Export as new Build Order

Dark Zerg 

Build Orders: 3 Hatch before Pool 

Get SALT Encoding   

  12  0:00  Drone  
  13  0:13  Overlord  
  13  0:18  Drone  
  14  0:31  Drone x2  
  17  0:35  Drone  
  17  0:48  Drone  
  18  0:56  Hatchery  
  17  1:16  Hatchery  
  16  1:19  Drone  
  16  1:23  Drone  
  18  1:33  Extractor  
  18  1:37  Spawning Pool  
  18  1:39  Drone  
  17  1:44  Drone  
  17  1:46  Drone  
  19  1:54  Drone  
  20  2:07  Drone  
  21  2:09  Drone  
  21  2:15  Drone  
  23  2:23  Zergling x2  
  23  2:24  Queen  
  23  2:25  Queen  
  28  2:31  Queen  
  28  2:36  Overlord  
  30  2:39  Drone  
  30  2:42  Drone  
  32  2:50  Drone x2  
  34  2:56  Drone x3  
  37  3:05  Roach Warren  
  36  3:06  Drone  
  36  3:10  Zergling x4  
  36  3:12  Zergling x2  
  40  3:17  Overlord  
  40  3:20  Drone  
  40  3:24  Drone  
  42  3:38  Drone x3  
  42  3:41  Overlord  
  45  3:46  Roach x2  
  49  3:50  Overlord  
  49  3:54  Evolution Chamber  
  49  3:55  Roach, Evolution Chamber  
  49  3:59  Roach x2  
  49  4:00  Roach  
  49  4:01  Drone x2  
  57  4:04  Drone  
  57  4:08  Drone  
  58  4:10  Drone x2  
  58  4:13  Drone x2  
  62  4:23  Drone x3  
  65  4:26  Lair  
  65  4:28  Zerg Missile Weapons Level 1  
  65  4:29  Extractor  
  65  4:30  Extractor  
  63  4:33  Drone x2  
  63  4:34  Drone  
  63  4:37  Overlord  
  66  4:44  Overlord  
  66  4:48  Overlord  
  66  4:53  Overlord  
  66  4:55  Overlord  
  66  4:59  Drone x2  
  68  5:00  Drone x5  
  68  5:03  Roach  
  73  5:11  Drone x5  
  73  5:13  Drone  
  79  5:16  Drone x3  
  79  5:19  Overlord  
  82  5:23  Glial Reconstitution  
  82  5:25  Overseer  
  82  5:28  Overseer  
  82  5:32  Drone x4  
  82  5:33  Extractor  
  82  5:35  Drone x2  
  87  5:36  Extractor  
  87  5:42  Roach x2, Extractor  
  91  5:43  Roach x2  
  93  5:51  Drone  
  93  5:52  Roach, Drone x2  
  93  5:53  Roach x2  
  102  6:04  Overlord  
  102  6:08  Drone  
  102  6:09  Roach x2  
  102  6:10  Roach x3  
  113  6:16  Overlord  
  113  6:17  Overlord  
  113  6:18  Overlord  
  113  6:24  Roach  
  117  6:25  Roach  
  117  6:26  Roach  
  117  6:29  Roach  
  121  6:33  Ravager  
  121  6:34  Overlord  
  121  6:35  Hatchery  
  121  6:36  Pneumatized Carapace  
  121  6:37  Ravager x3, Zerg Ground Armor Level 1  
  124  6:44  Roach x5  
  124  6:45  Roach  
  136  6:51  Drone  
  136  6:53  Zerg Missile Weapons Level 2, Spore Crawler  
  136  6:57  Overlord  
  136  7:02  Roach x5  
  146  7:11  Roach x4  
  146  7:13  Overlord x2  
  146  7:15  Overseer  
  154  7:17  Overlord  
  154  7:21  Roach x2  
  158  7:27  Nydus Network, Drone  
  158  7:28  Roach x2  
  162  7:32  Roach x2  
  166  7:37  Roach x3  
  166  7:39  Ravager  
  166  7:43  Roach x3  
  179  7:49  Ravager  
  179  7:50  Roach x2  
  184  7:58  Overlord x3  
  184  8:15  Nydus Canal  
  184  8:17  Roach  
  186  8:20  Ravager  
  186  8:21  Roach, Ravager x2  
  186  8:22  Roach x4  
  186  8:24  Drone  
  186  8:25  Drone  
  195  8:31  Roach x4  
  195  8:32  Roach  
  194  8:36  Roach x5  
  196  8:43  Roach Warren  
  169  8:50  Zergling x10  
  128  9:04  Drone x7  
  123  9:14  Drone x3  
  123  9:15  Drone  
  125  9:17  Drone x3  
  125  9:26  Roach x3  
  125  9:27  Roach  
  125  9:28  Ravager x4  
  135  9:31  Queen  
  135  9:37  Roach x3  
  143  9:41  Drone x2  
  143  9:42  Drone  
  143  9:45  Roach  
  148  9:50  Ravager x2  
  148  9:51  Ravager x2  
  152  9:56  Roach x3  
  158  10:01  Overseer  
  158  10:03  Roach x2  
  158  10:06  Drone  
  161  10:08  Drone  
  161  10:10  Ravager x2  
  161  10:12  Roach x2  
  168  10:18  Roach x3  
  174  10:25  Ravager x2  
  176  10:29  Roach x5  
  176  10:31  Ravager x3  
  189  10:38  Roach x3  
  195  10:47  Roach x3  
  189  10:59  Roach x2  
  189  11:01  Roach x2  
  160  11:04  Roach x6  
  147  11:11  Roach  
  147  11:12  Roach x3  
  147  11:14  Roach  
  147  11:16  Roach  
  145  11:19  Roach  
  145  11:21  Roach  
  145  11:25  Roach  
  142  11:26  Ravager x2  
  142  11:29  Drone x3  
  142  11:30  Drone  
  143  11:34  Roach x3  
  143  11:36  Ravager  
  149  11:40  Drone x2  
  147  11:47  Drone  
  147  11:48  Roach x2  
  147  11:50  Roach  
  147  11:54  Roach x2  
  157  11:56  Roach  
  158  12:02  Roach  
  158  12:06  Roach  
  158  12:07  Roach  
  162  12:11  Roach x4  
  162  12:15  Ravager x3  
  170  12:16  Ravager  
  170  12:21  Roach x2  
  175  12:25  Roach  
  167  12:35  Roach x2  
  167  12:36  Roach x2  
  167  12:37  Roach x2  
  176  12:39  Roach x2  
  176  12:40  Roach x2  
  178  12:44  Roach  
  178  12:50  Roach x2  
  170  12:56  Roach  
  170  12:57  Roach  
  153  13:00  Roach  
  153  13:04  Roach  
  134  13:07  Roach  
  134  13:10  Roach  
  136  13:15  Roach  
  136  13:18  Roach  
  136  13:19  Roach  
  142  13:21  Roach  
  142  13:25  Roach  
  146  13:27  Queen  
  146  13:28  Roach x2  
  146  13:31  Roach x2  
  148  13:34  Roach  
  148  13:37  Roach x2  
  148  13:40  Roach  
  148  13:41  Roach  
  156  13:45  Roach  
  154  13:52  Roach x2  
  149  13:55  Roach  
Show
View Real Time Build Order
Export as new Build Order

Serral Zerg - Winner!

Build Orders: Hatch First 

Get SALT Encoding   

  12  0:00  Drone  
  13  0:13  Overlord  
  13  0:17  Drone  
  14  0:31  Drone x2  
  16  0:49  Hatchery  
  15  0:52  Drone  
  15  0:56  Drone  
  17  0:59  Drone  
  18  1:10  Extractor  
  17  1:14  Spawning Pool  
  16  1:19  Drone  
  16  1:21  Drone  
  18  1:28  Drone  
  19  1:39  Drone  
  20  1:50  Drone  
  21  2:00  Overlord  
  21  2:01  Queen x2  
  21  2:02  Zergling x2  
  26  2:10  Metabolic Boost  
  26  2:14  Drone x2  
  28  2:22  Drone x2  
  30  2:36  Hatchery  
  29  2:39  Drone  
  29  2:40  Drone  
  32  2:44  Zergling x2  
  32  2:48  Drone  
  32  2:50  Baneling Nest  
  32  2:55  Overlord  
  32  2:57  Drone  
  33  3:06  Drone x2  
  33  3:09  Drone  
  36  3:13  Drone x2  
  36  3:14  Zergling x4  
  36  3:18  Overlord  
  40  3:21  Zergling x2  
  40  3:25  Drone  
  42  3:27  Queen  
  42  3:33  Evolution Chamber  
  42  3:40  Drone x2  
  42  3:41  Drone x3  
  47  3:46  Overlord, Drone  
  47  3:48  Drone  
  49  3:50  Drone  
  49  3:52  Drone  
  49  3:54  Drone  
  53  3:55  Drone  
  53  4:00  Zerg Missile Weapons Level 1  
  53  4:03  Drone x2  
  53  4:07  Drone  
  56  4:10  Lair  
  56  4:12  Extractor  
  56  4:13  Extractor  
  54  4:17  Roach Warren  
  54  4:18  Drone  
  54  4:22  Drone x3  
  54  4:23  Drone  
  58  4:25  Drone  
  58  4:26  Drone  
  58  4:28  Drone  
  58  4:29  Drone  
  58  4:31  Overlord  
  61  4:34  Zergling x2  
  61  4:36  Zergling x4  
  64  4:43  Drone x2  
  64  4:45  Extractor  
  65  4:46  Pneumatized Carapace, Extractor  
  65  4:47  Overlord x2  
  65  4:49  Drone  
  65  4:50  Drone  
  66  4:53  Drone x2  
  66  4:56  Drone x2  
  66  4:58  Drone x2  
  72  5:01  Drone x2  
  74  5:08  Glial Reconstitution  
  74  5:09  Overseer  
  74  5:10  Drone  
  74  5:11  Overlord  
  74  5:12  Roach  
  74  5:13  Roach  
  79  5:17  Roach x2  
  83  5:24  Roach x3  
  88  5:28  Overlord x2  
  88  5:31  Overlord  
  88  5:34  Roach x2  
  92  5:41  Roach x2  
  96  5:44  Overlord x2  
  96  5:49  Extractor  
  95  5:50  Drone  
  95  5:51  Drone x3  
  95  5:53  Drone  
  95  5:55  Evolution Chamber  
  95  5:56  Roach  
  95  5:57  Roach  
  103  6:04  Drone  
  104  6:06  Roach  
  104  6:09  Overseer  
  106  6:12  Roach x3  
  106  6:13  Hatchery  
  106  6:17  Zerg Missile Weapons Level 2  
  106  6:18  Ravager x4  
  115  6:21  Overlord  
  115  6:23  Zerg Ground Armor Level 1  
  115  6:24  Overlord  
  115  6:27  Roach  
  115  6:31  Roach x3  
  123  6:35  Roach x3  
  129  6:44  Overlord x3  
  129  6:49  Roach x4  
  143  6:54  Roach x3  
  143  6:58  Overlord  
  143  7:00  Roach x3  
  149  7:08  Roach x4  
  157  7:12  Overlord  
  157  7:15  Roach x2  
  161  7:17  Drone x3  
  161  7:20  Drone  
  161  7:22  Tunneling Claws  
  165  7:23  Burrow  
  165  7:27  Roach  
  165  7:28  Roach x2  
  171  7:36  Roach x5  
  181  7:39  Ravager x2  
  181  7:41  Roach x3  
  189  7:44  Queen  
  189  7:49  Roach x3  
  197  7:53  Roach  
  195  7:58  Roach  
  195  7:59  Roach  
  195  8:05  Overlord  
  199  8:07  Overlord  
  199  8:11  Overlord  
  199  8:14  Overlord  
  199  8:27  Roach x2  
  200  8:33  Roach, Zerg Ground Armor Level 2  
  200  8:34  Roach  
  200  8:40  Roach x2  
  196  8:41  Roach  
  196  8:42  Roach x2  
  196  8:44  Roach x4  
  196  8:45  Roach x2  
  196  8:47  Roach  
  193  8:52  Roach x3  
  193  8:55  Roach  
  171  8:57  Roach x4  
  171  8:58  Roach x2  
  171  8:59  Roach  
  171  9:00  Roach x2  
  157  9:03  Roach x2  
  157  9:09  Roach x2  
  140  9:15  Queen  
  137  9:19  Ravager x3  
  137  9:20  Roach x4  
  152  9:24  Roach x2  
  152  9:40  Roach, Ravager  
  152  9:41  Roach x7  
  169  9:46  Drone x2  
  169  9:47  Drone x3  
  169  9:48  Drone  
  169  9:51  Roach  
  169  9:52  Roach x2  
  173  9:59  Overlord  
  173  10:06  Roach x6  
  185  10:13  Roach x3  
  191  10:16  Overlord  
  191  10:22  Roach x4  
  191  10:26  Ravager  
  200  10:32  Roach x4  
  200  10:33  Roach  
  194  10:57  Roach x4  
  194  11:00  Roach x11  
  182  11:08  Roach x7  
  175  11:17  Roach x6  
  174  11:24  Roach x3  
  174  11:25  Roach x4  
  170  11:26  Roach  
  170  11:30  Roach x4  
  167  11:37  Roach  
  165  11:42  Drone  
  165  11:43  Extractor  
  165  11:44  Infestation Pit, Drone x3  
  167  11:49  Ravager  
  167  11:50  Roach, Ravager x2  
  167  11:51  Roach x3  
  167  11:54  Queen  
  174  11:55  Roach  
  174  11:56  Roach  
  174  11:57  Roach x6  
  188  12:02  Roach x8  
  188  12:06  Roach x5  
  196  12:13  Roach  
  196  12:14  Roach  
  200  12:16  Roach x14  
  200  12:22  Hatchery  
  199  12:35  Roach  
  199  12:36  Roach x5  
  194  12:46  Roach x4  
  180  12:56  Roach x6  
  161  13:08  Roach x6  
  161  13:09  Roach  
  160  13:19  Roach x4, Ravager x3  
  171  13:25  Roach x3  
  177  13:32  Ravager x3  
  180  13:35  Roach x3  
  184  13:43  Roach x4  
  184  13:44  Roach x2  
  190  13:52  Roach  
  190  13:53  Roach x4  
  184  14:01  Ravager x2  
  184  14:02  Ravager  
Tags
 
Add a new tag
Caveats
  • Supply blocks, unpowered buildings, or Contaminate may cause inaccurate times.
  • Supply counts are checked every 10 seconds.